 Dungeon Crawl Stone Soup version 0.31.0-1-g2c135a008e (webtiles) character file.

Game seed: 4510877435972897816

121853 GreatBamboolord the Geomancer (level 16, -25/97 HPs)
             Began as a Gargoyle Earth Elementalist on Jan 20, 2024.
             Was a High Priest of Vehumet.
             Annihilated by an alligator snapping turtle (32 damage)
             ... on level 2 of the Shoals.
             The game lasted 01:06:13 (25983 turns).

GreatBamboolord the Geomancer (GrEE)               Turns: 25983, Time: 01:06:14

Health: -25/97     AC: 30    Str: 12    XL:     16   Next: 86%
Magic:  9/31       EV: 13    Int: 24    God:    Vehumet [*****.]
Gold:   1071       SH:  0    Dex: 10    Spells: 6/37 levels left

rFire   + + +        n - staff of conjuration
rCold   . . .        (no shield)
rNeg    + . .        v - +2 ring mail {rF+}
rPois   ∞            X - +2 hat
rElec   +            U - scarf {rC+ rF+}
rCorr   .            o - +2 pair of gloves
SInv    .            W - +2 pair of boots
Will    +....        e - amulet of magic regeneration
Stlth   ++++         R - ring of wizardry
HPRegen 0.36/turn    Z - ring of fire
MPRegen 0.62/turn

%: wizardry (x1)
@: flying
A: sickness immunity, AC +12, big wings, negative energy resistance 1,
electricity resistance, torment resistance 1, petrification resistance
a: Renounce Religion


You were on level 2 of the Shoals.
You worshipped Vehumet.
Vehumet was extremely pleased with you.
You visited 5 branches of the dungeon, and saw 24 of its levels.
You also visited: Gauntlet.

You collected 3537 gold pieces.
You spent 2466 gold pieces at shops.

Inventory:

Hand Weapons
 y - the +5 short sword "Vaut" {drain, rN++ Str-2}
   (You found it on level 5 of the Dungeon)

   Str-2:     It affects your strength (-2).
   rN++:      It greatly protects you from negative energy.
Missiles
 L - 4 throwing nets
Armour
 o - a +2 pair of gloves (worn)
 v - a +2 ring mail of fire resistance (worn)
 G - a scarf of repulsion
 U - a scarf of resistance (worn)
 W - a +2 pair of boots (worn)
 X - a +2 hat (worn)
Magical Staves
 n - a staff of conjuration (weapon)
Jewellery
 a - a ring of ice
 e - an amulet of magic regeneration (around neck)
 g - a ring of willpower
 l - a ring of ice
 s - a ring of resist corrosion
 R - a ring of wizardry (left hand)
 T - a ring of protection from fire
 Y - a ring of positive energy
 Z - a ring of fire (right hand)
Wands
 w - a wand of light (22)
 x - a wand of charming (20)
 H - a wand of iceblast (11)
 M - a wand of digging (10)
 Q - a wand of polymorph (3)
Scrolls
 c - 3 scrolls of brand weapon
 d - 2 scrolls of silence
 h - 3 scrolls of fog {unknown}
 k - a scroll of immolation
 q - a scroll of teleportation
 u - a scroll of amnesia
 C - 2 scrolls of revelation
 E - 6 scrolls of poison
 I - 5 scrolls of enchant armour
 J - 4 scrolls of enchant weapon
 N - 3 scrolls of blinking {unknown}
 S - a scroll of fear
Potions
 b - a potion of magic
 f - a potion of invisibility {unknown}
 i - 5 potions of enlightenment
 j - 3 potions of haste {unknown}
 m - 2 potions of ambrosia {unknown}
 r - 2 potions of attraction {unknown}
 t - 2 potions of brilliance {unknown}
 A - 2 potions of mutation {unknown}
 B - 2 potions of berserk rage {unknown}
 F - 4 potions of lignification {unknown}
 K - 7 potions of curing
 O - a potion of cancellation {unknown}
 P - a potion of might {unknown}
 V - 5 potions of heal wounds
Miscellaneous
 p - a lightning rod (4/4)
 z - a tin of tremorstones (2/2)


   Skills:
 + Level 9.8 Fighting
 * Level 10.3 Armour
 * Level 10.5 Dodging
 + Level 11.0 Stealth
 * Level 11.4 Spellcasting
 * Level 13.3 Conjurations
 * Level 9.5 Fire Magic
 * Level 14.9 Earth Magic


You had 6 spell levels left.
You knew the following spells:

 Your Spells              Type           Power      Damage    Failure   Level
a - Lehudib's Crystal Sp  Conj/Erth      44%        10d11     16%         8
b - Stone Arrow           Conj/Erth      100%       3d13      1%          3
c - Passwall              Erth           71%        N/A       1%          3
d - Brom's Barrelling Bo  Conj/Erth      89%        2d10      1%          4
e - Iskenderun's Mystic   Conj/Tloc      62%        2d13      1%          4
f - Fireball              Conj/Fire      50%        3d20      1%          5
g - Flame Wave            Conj/Fire      100%       2d21      1%          4

Your spell library contained the following spells:

 Spells                   Type           Power      Damage    Failure   Level
 Lee's Rapid Deconstruct  Erth           35%        3d18*     1%          5
 Sandblast                Erth           100%       2d20      0%          1
 Freeze                   Ice            52%        1d6       1%          1
 Kiss of Death            Conj/Necr      100%       2d13      1%          1
 Sting                    Conj/Alch      100%       1d9       1%          1
 Mercury Vapours          Alch/Air       26%        N/A       1%          2
 Scorch                   Fire           100%       2d9       1%          2
 Hailstorm                Conj/Ice       62%        3d11      1%          3
 Mephitic Cloud           Conj/Alch/Air  51%        N/A       1%          3
 Animate Armour           Summ/Erth      98%        N/A       1%          4
 Petrify                  Alch/Erth      49%        N/A       1%          4
 Frozen Ramparts          Ice            26%        1d4       3%          3
 Summon Blazeheart Golem  Fire/Summ      53%        N/A       4%          4
 Freezing Cloud           Conj/Ice/Air   25%        6-21      4%          5
 Blink                    Tloc           26%        N/A       5%          2
 Ensorcelled Hibernation  Hex/Ice        26%        N/A       5%          2
 Jinxbite                 Hex            26%        N/A       5%          2
 Olgreb's Toxic Radiance  Alch           13%        N/A       9%          4
 Confusing Touch          Hex            13%        N/A       11%         3
 Summon Ice Beast         Ice/Summ       13%        N/A       11%         3
 Swiftness                Air            13%        N/A       11%         3
 Tukima's Dance           Hex            13%        N/A       11%         3
 Cause Fear               Hex            6%         N/A       32%         4
 Dimensional Bullseye     Hex/Tloc       6%         N/A       32%         4
 Dispel Undead            Necr           13%        3d9       32%         4
 Summon Forest            Summ/Tloc      6%         N/A       65%         5
 Summon Mana Viper        Hex/Summ       13%        N/A       65%         5
 Summon Cactus Giant      Summ           6%         N/A       99%         6
 Orb of Destruction       Conj           43%        9d12      3%          7
 Spellforged Servitor     Conj/Summ      31%        N/A       38%         7
 Monstrous Menagerie      Summ           6%         N/A       100%        7
 Disjunction              Tloc           6%         N/A       100%        8
 Dragon's Call            Summ           6%         N/A       100%        9
 Sublimation of Blood     Necr           Unusable   N/A       N/A         2

Dungeon Overview and Level Annotations

Branches:
Dungeon (14/15)            Temple (1/1) D:7            Lair (5/5) D:11
 Shoals (2/4) Lair:2       Spider (0/4) Lair:2        Slime (0/5) Lair:5
    Orc (2/2) D:9             Elf (0/3) Orc:2        Vaults (0/5) D:13
Gauntlet (visited)

Altars:
Ashenzari
Cheibriados
Dithmenos
Elyvilon
Fedhas
Gozag
Hepliaklqana
Kikubaaqudgha
Makhleb
Nemelex Xobeh
Okawaru
Qazlal
Ru
Sif Muna
Trog
Uskayaw
Vehumet
Wu Jian
Xom
Yredelemnul
Zin
The Shining One
Jiyva

Shops:
D:2 :   D:3 =   D:10 (:   D:11 (   D:14 (   Orc:2 ([[[=

Annotations:
D:14 3 runed translucent doors, Jaliuk's ghost, journeyman DECj; Kilet's ghost, adept GrEE
Lair:4 Valeaz's ghost, journeyman GnEE
Lair:5 1 runed translucent door, Plazmod's ghost, journeyman DECj
Shoals:2 Polyphemus


Innate Abilities, Weirdness & Mutations

You are immune to sickness and miasma.
Your stone body is resilient. (AC +12)
You are immune to poison.
Your large and strong wings let you fly.
You resist negative energy. (rN+)
You are resistant to electric shocks. (rElec)
You are resistant to unholy torment.
You are immune to petrification.


Message History

You hear a splash. x3
Casting: Fireball (mildly dangerous; 1% risk of failure)
Confirm with . or Enter, or press ? or * to list all spells.
Aiming: Fireball (mildly dangerous; 1% risk of failure)
Press: ? - help, Shift-Dir - straight line, f - alligator snapping turtle
Aim: an alligator snapping turtle (lightly wounded)
You feel a strong surge of power!
The fireball explodes!
The fireball engulfs the alligator snapping turtle!!
The alligator snapping turtle is moderately wounded.
The alligator snapping turtle is engulfed in a cloud of scalding steam.
Polyphemus the Watchful Shepherd comes into view.
A catoblepas comes into view.
Polyphemus throws a large rock.
The large rock hits you!!
The alligator snapping turtle bites you but does no damage.
A water nymph comes into view.
The alligator snapping turtle is engulfed in a cloud of scalding steam.
The alligator snapping turtle attacks as it pursues you!
The alligator snapping turtle misses you.
The water nymph points at you and mumbles some strange words.
The water rises up and strikes you.
Casting: Fireball (mildly dangerous; 1% risk of failure)
Confirm with . or Enter, or press ? or * to list all spells.
Aiming: Fireball (mildly dangerous; 1% risk of failure)
Press: ? - help, Shift-Dir - straight line, f/p - alligator snapping turtle
Aim: an alligator snapping turtle (water, moderately wounded)
You feel a strong surge of power!
The fireball explodes!
The fireball engulfs the alligator snapping turtle!
The alligator snapping turtle is heavily wounded.
You hear a bellow!
The alligator snapping turtle bites you from afar!
The alligator snapping turtle is engulfed in a cloud of scalding steam.
The alligator snapping turtle is engulfed in a cloud of scalding steam.
The alligator snapping turtle misses you.
The water nymph casts a spell at you. The water rises up and strikes you.
The alligator snapping turtle attacks as it pursues you!
The alligator snapping turtle bites you from afar!!
* * * LOW HITPOINT WARNING * * *
The alligator snapping turtle bites you from afar!!
You die...

~~~~≈≈≈~...###..~~~PPPP~≈
.~~~≈≈≈~..)###.~~~~P.PP~≈≈
.~~≈≈≈≈~.......~~~~..~P~~≈≈
~~≈≈≈≈≈≈~..~)....~~..~~~~≈≈≈
≈≈≈≈≈≈≈≈~~~~)))...~~~.~.~~≈≈
≈≈≈≈≈≈≈≈~~~~)~.##.~~~~~~~~≈≈~
≈≈≈≈≈≈≈≈~~~~~~<##.~~~~~.~~≈≈~
≈≈≈≈≈≈≈≈~~~~~~~†~~~~~~~.~~~~~
~≈≈≈≈≈≈≈~~~~@~~~)~~~~~..~~~~~
~≈≈≈≈≈≈≈~~~~~~~~~~~~~~...~...
~≈≈≈≈≈≈≈≈≈~~t~~...~~~~~~.....
~≈≈≈≈≈≈≈≈≈≈≈≈~.....~~~~~..##
≈≈≈≈≈≈≈≈≈≈≈≈≈~.##..~~~~~..#
≈≈≈≈≈≈≈≈≈≈≈≈≈~~)##.~~≈~~..#
≈≈≈≈≈≈≈≈≈≈≈≈≈≈~~(..~~~....#
≈≈≈≈≈≈≈≈≈≈m≈≈≈~~~~~~~~....#
≈≈≈≈≈≈≈≈≈≈≈≈≈≈≈~~~~~~~....#


You could see an alligator snapping turtle and a water nymph.

Vanquished Creatures
  Rupert (D:13)
  A kraken (Shoals:1)
  A sphinx (D:12)
  Frances (D:12)
  Kirke (Lair:5)
  Ilsuiw (Shoals:2)
  An orc warlord (D:9)
  Nessos (D:13)
  A minotaur (Gauntlet)
  A merfolk javelineer (Shoals:2)
  Snorg (Lair:4)
  3 merfolk impalers
  A fire dragon (D:14)
  An entropy weaver (Gauntlet)
  Fannar (D:11)
  3 catoblepae
  2 centaur warriors (D:13)
  2 hydras
  4 two-headed ogres
  An ice dragon (Lair:5)
  7 boulder beetles
  A merfolk aquamancer (Shoals:1)
  Erica (D:9)
  2 tengu warriors (D:14)
  3 death yaks
  A hell hog (Gauntlet)
  6 orc high priests
  Nergalle (Lair:3)
  6 skysharks
  A sea snake (Shoals:1)
  A skeletal warrior (D:12)
  An arcanist (D:14)
  2 lindwurms (Lair:5)
  3 deep elf pyromancers
  10 ugly things
  4 orc knights
  9 harpies (Shoals:1)
  8 cyclopes
  2 wolf spiders
  An orc sorcerer (Orc:1)
  8 fauns (Shoals:1)
  10 manticores
  6 elephants (Lair:1)
  A moth of wrath (D:6)
  A guardian serpent (Lair:5)
  5 merfolk sirens
  A water nymph (Shoals:2)
  A gargoyle (D:11)
  10 black mambas
  6 torpor snails
  14 cane toads
  4 unseen horrors
  2 kobold demonologists
  A rime drake (Lair:1)
  9 komodo dragons
  Maggie (Lair:2)
  25 merfolk
  A polar bear (Lair:3)
  A wind drake (Shoals:1)
  4 trolls
  13 hornets
  3 tyrant leeches (Lair:5)
  19 blink frogs
  2 snapping turtles (Shoals:1)
  9 slime creatures
  Sigmund (D:4)
  2 vampires
  A culicivora (Lair:2)
  A shadow (D:12)
  4 water elementals
  3 hogs (Lair:5)
  27 yaks
  3 fire bats (Gauntlet)
  2 wraiths (D:12)
  12 wyverns
  Grum (D:10)
  2 steam dragons (D:5)
  6 wargs
  4 vampire mosquitoes
  16 humans (D:13)
  The ghost of aloneDruid the Chopper, an amateur DsFi (D:3)
  6 basilisks
  6 redbacks
  4 acid dragons
  Duvessa (D:6)
  3 hell hounds (Gauntlet)
  23 water moccasins
  43 orc warriors
  A black bear (D:5)
  3 ogres
  A sky beast (D:5)
  18 wolves
  2 centaurs
  3 phantoms
  4 kobold brigands
  12 bullfrogs
  A gnoll sergeant (D:10)
  2 scorpions
  13 wights
  Dowan (D:6)
  A water moccasin skeleton (D:3)
  4 electric eels
  2 howler monkeys (D:11)
  A bombardier beetle (D:6)
  2 jellies (D:6)
  A bullfrog zombie (D:3)
  38 orc priests
  4 iguanas
  Ijyb (D:5)
  Terence (D:3)
  Natasha (D:2)
  24 orc wizards
  A mummy (D:3)
  Robin (D:5)
  7 gnolls
  8 adders
  3 white imps
  2 dart slugs
  5 ribbon worms
  70 orcs
  4 ball pythons
  4 endoplasms
  2 giant cockroaches (D:1)
  9 goblins
  9 hobgoblins
  4 jackals (D:2)
  4 quokkas
  9 bats
  3 frilled lizards
  16 kobolds
  4 rats
  4 tentacles (Shoals:1)
738 creatures vanquished.

Vanquished Creatures (collateral kills)
  2 boulders (Lair:4)
2 creatures vanquished.

Vanquished Creatures (others)
  A vampire mosquito (D:13)
  An orc (D:13)
  3 boulders
  6 tentacles (Shoals:1)
11 creatures vanquished.

Grand Total: 751 creatures vanquished

Notes
Turn   | Place    | Note
-------+----------+-------------------------------------------
     0 | D:1      | GreatBamboolord the Gargoyle Earth Elementalist began the
                  | quest for the Orb.
     0 | D:1      | Reached XP level 1. HP: 10/10 MP: 3/3
   232 | D:1      | Reached XP level 2. HP: 15/15 MP: 3/5
  1014 | D:2      | Reached XP level 3. HP: 20/20 MP: 4/6
  1024 | D:2      | Reached skill level 4 in Earth Magic
  1057 | D:2      | Learned a level 3 spell: Stone Arrow
  1097 | D:2      | Found Gosiy's Book Boutique.
  1261 | D:2      | Reached skill level 1 in Fighting
  1261 | D:2      | Reached XP level 4. HP: 25/25 MP: 5/7
  1510 | D:2      | Noticed Natasha
  1514 | D:2      | Killed Natasha
  1688 | D:3      | Found Saucuthiergh's Jewellery Boutique.
  1698 | D:3      | Found a transporter.
  1699 | D:3      | Noticed aloneDruid's ghost (amateur DsFi)
  1857 | D:3      | Found a stormy altar of Qazlal.
  1859 | D:3      | Noticed Terence
  1865 | D:3      | Killed Terence
  1866 | D:3      | Reached XP level 5. HP: 19/29 MP: 7/9
  2222 | D:4      | Noticed Sigmund
  2232 | D:4      | Killed Sigmund
  2233 | D:4      | Reached XP level 6. HP: 26/35 MP: 7/10
  2333 | D:4      | Found a burning altar of Makhleb.
  2333 | D:4      | Noticed a cacodemon
  2361 | D:4      | Noticed a neqoxec
  2361 | D:4      | Noticed a ynoxinul
  2763 | D:4      | Found an iron altar of Okawaru.
  3048 | D:5      | Entered Level 5 of the Dungeon
  3078 | D:5      | Identified the +5 short sword "Vaut" {drain, rN++ Str-2}
  3125 | D:5      | Reached skill level 5 in Earth Magic
  3143 | D:5      | Reached XP level 7. HP: 35/40 MP: 12/12
  3168 | D:5      | Noticed a steam dragon
  3176 | D:5      | Killed a steam dragon
  3211 | D:5      | Noticed Ijyb
  3212 | D:5      | Noticed Robin
  3241 | D:5      | Killed Robin
  3254 | D:5      | Killed Ijyb
  3432 | D:5      | Reached XP level 8. HP: 38/45 MP: 12/14
  3485 | D:5      | Reached skill level 6 in Earth Magic
  3789 | D:5      | Found an ancient bone altar of Kikubaaqudgha.
  3792 | D:5      | Found a broken altar of Ashenzari.
  3796 | D:5      | Found a hazy altar of Hepliaklqana.
  3889 | D:5      | Learned a level 3 spell: Passwall
  3918 | D:6      | Reached skill level 5 in Conjurations
  4319 | D:6      | Noticed a moth of wrath
  4322 | D:6      | Found a bloodstained altar of Trog.
  4387 | D:6      | Identified a scroll of acquirement
  4388 | D:6      | Acquired a staff of conjuration
  4453 | D:6      | Noticed Dowan
  4454 | D:6      | Noticed Duvessa
  4461 | D:6      | Killed Duvessa
  4462 | D:6      | Reached skill level 5 in Spellcasting
  4462 | D:6      | Reached skill level 7 in Earth Magic
  4462 | D:6      | Reached XP level 9. HP: 48/52 MP: 7/16
  4465 | D:6      | Killed Dowan
  4683 | D:6      | Learned a level 4 spell: Brom's Barrelling Boulder
  4921 | D:7      | Found a staircase to the Ecumenical Temple.
  4965 | Temple   | Entered the Ecumenical Temple
  5027 | Temple   | Became a worshipper of Vehumet
  5621 | D:8      | Reached skill level 5 in Stealth
  5655 | D:8      | Acquired 874 gold pieces
  5952 | D:8      | Reached skill level 5 in Dodging
  6160 | D:8      | Reached * piety under Vehumet
  6160 | D:8      | Offered knowledge of Shock by Vehumet.
  6268 | D:9      | Noticed a hornet
  6274 | D:9      | Killed a hornet
  6275 | D:9      | Reached skill level 8 in Earth Magic
  6349 | D:9      | Noticed Erica
  6497 | D:9      | Reached XP level 10. HP: 50/58 MP: 11/19
  6632 | D:9      | Noticed a boulder beetle
  6695 | D:9      | Killed a boulder beetle
  6789 | D:9      | Found a staircase to the Orcish Mines.
  6794 | D:9      | Killed Erica
  6795 | D:9      | Reached skill level 5 in Fighting
  6837 | D:9      | Got Quotidian Sorcery
  6949 | D:9      | Found an ornate altar of the Wu Jian Council.
  7000 | D:9      | Reached skill level 9 in Earth Magic
  7185 | D:9      | Noticed a two-headed ogre
  7192 | D:9      | Killed a two-headed ogre
  7426 | D:9      | Found a basalt altar of Yredelemnul.
  7445 | D:9      | Found a shimmering altar of Xom.
  7445 | D:9      | Noticed a two-headed ogre
  7448 | D:9      | Killed a two-headed ogre
  7536 | D:10     | Entered Level 10 of the Dungeon
  7555 | D:10     | Noticed a two-headed ogre
  7556 | D:10     | Found Omuod's Book Shoppe.
  7560 | D:10     | Killed a two-headed ogre
  7561 | D:10     | Reached XP level 11. HP: 64/64 MP: 12/21
  7666 | D:10     | Noticed Grum
  7672 | D:10     | Offered knowledge of Static Discharge by Vehumet.
  7680 | D:10     | Reached ** piety under Vehumet
  7689 | D:10     | Killed Grum
  7825 | D:10     | Noticed a cyclops
  7829 | D:10     | Killed a cyclops
  7830 | D:10     | Reached skill level 10 in Earth Magic
  7997 | D:10     | Found Jepnanei's Antique Weapon Shoppe.
  8132 | D:10     | Identified the +5 war axe "Jaowienuu" {spect, Fly rElec
                  | rPois rF+}
  8398 | D:10     | Offered knowledge of Momentum Strike by Vehumet.
  8485 | D:10     | Bought a book of the Dragon for 588 gold pieces
  8494 | D:11     | Learned a level 4 spell: Iskenderun's Mystic Blast
  8517 | D:11     | Noticed Fannar
  8534 | D:11     | Killed Fannar
  8699 | D:11     | Reached skill level 1 in Fire Magic
  8709 | D:11     | Reached *** piety under Vehumet
  8844 | D:11     | Found Hakh's Weapon Emporium.
  9122 | D:11     | Noticed a manticore
  9129 | D:11     | Killed a manticore
  9130 | D:11     | Reached skill level 1 in Armour
  9218 | D:11     | Noticed a deep elf pyromancer
  9235 | D:11     | Killed a deep elf pyromancer
  9601 | D:11     | Learned a level 5 spell: Fireball
  9669 | D:11     | Found a staircase to the Lair.
 10002 | Lair:1   | Entered Level 1 of the Lair of Beasts
 10195 | Lair:1   | Reached XP level 12. HP: 71/71 MP: 19/23
 10412 | Lair:1   | Offered knowledge of Ignite Poison by Vehumet.
 10646 | Lair:1   | Reached skill level 11 in Earth Magic
 11068 | Lair:2   | Noticed Maggie
 11082 | Lair:2   | Killed Maggie
 11358 | Lair:2   | Found a staircase to the Shoals.
 11526 | Lair:2   | You fall into a shaft and drop 1 floor!
 11526 | Lair:3   | Noticed Nergalle
 11731 | Lair:3   | Killed Nergalle
 11785 | Lair:3   | Noticed a skyshark
 11828 | Lair:3   | Killed a skyshark
 11856 | Lair:3   | Reached skill level 10 in Conjurations
 11871 | Lair:3   | Reached **** piety under Vehumet
 11872 | Lair:3   | Reached XP level 13. HP: 21/76 MP: 4/25
 12327 | Lair:3   | Offered knowledge of Volatile Blastmotes by Vehumet.
 12342 | Lair:3   | Reached skill level 5 in Armour
 12658 | Lair:2   | Found a hole to the Spider Nest.
 12750 | Lair:2   | Reached skill level 5 in Fire Magic
 13715 | Lair:4   | Reached skill level 12 in Earth Magic
 13867 | Lair:4   | Noticed Snorg
 13877 | Lair:4   | Killed Snorg
 14029 | Lair:4   | Found a runed translucent door.
 14030 | Lair:4   | Noticed Valeaz's ghost (journeyman GnEE)
 14335 | Lair:4   | Found a runed translucent door.
 14544 | Lair:4   | Learned a level 4 spell: Flame Wave
 14700 | Lair:5   | Entered Level 5 of the Lair of Beasts
 15013 | Lair:5   | Reached ***** piety under Vehumet
 15017 | Lair:5   | Offered knowledge of Ozocubu's Refrigeration by Vehumet.
 15161 | Lair:5   | Noticed Plazmod's ghost (journeyman DECj)
 15182 | Lair:5   | Gained mutation: Your large and strong wings let you fly.
                  | [Gargoyle growth]
 15182 | Lair:5   | Reached XP level 14. HP: 77/83 MP: 1/27
 15203 | Lair:5   | Found a viscous altar of Jiyva.
 15257 | Lair:5   | Found a staircase to the Slime Pits.
 15458 | Lair:5   | Found a runed translucent door.
 16042 | Lair:5   | Noticed Kirke
 16049 | Lair:5   | Noticed a sphinx
 16049 | Lair:5   | Killed Kirke
 16147 | Lair:5   | Identified the serpent talisman of the Stone Wall {Will+
                  | Str+3}
 16353 | Lair:5   | Offered knowledge of Eringya's Noxious Bog by Vehumet.
 16388 | Lair:5   | Reached skill level 13 in Earth Magic
 16823 | Orc:1    | Entered Level 1 of the Orcish Mines
 16934 | Orc:1    | Noticed an orc warlord
 16959 | D:9      | Killed an orc warlord
 16960 | D:9      | Reached skill level 10 in Spellcasting
 17216 | Orc:2    | Entered Level 2 of the Orcish Mines
 17351 | Orc:2    | Found a bloodstained altar of Trog.
 17395 | Orc:2    | Found a staircase to the Elven Halls.
 17491 | Orc:2    | Found Nitual's Jewellery Boutique.
 18217 | Orc:2    | Reached XP level 15. HP: 83/89 MP: 4/29
 18395 | Orc:2    | Reached ****** piety under Vehumet
 18453 | Orc:2    | Found Naetekuh's Armour Shop.
 18453 | Orc:2    | Found Suuloe's Armour Shop.
 18454 | Orc:2    | Found Puikoenn's Antique Armour Boutique.
 18454 | Orc:2    | Found Xowyopoe's Weapon Shop.
 18475 | Orc:2    | Bought a +0 pair of gloves for 58 gold pieces
 18685 | Orc:2    | Bought pitted fire dragon scales for 1820 gold pieces
 18685 | Orc:2    | Identified the +0 fire dragon scales "Niykac" {-Cast +Inv
                  | rPois rF++ rC-} (You bought it in a shop on level 2 of the
                  | Orcish Mines)
 19090 | D:12     | Noticed a sphinx
 19114 | D:12     | Paralysed by a sphinx for 2 turns
 19116 | D:12     | Killed a sphinx
 19364 | D:12     | Offered knowledge of Yara's Violent Unravelling by Vehumet.
 19365 | D:12     | Reached skill level 10 in Stealth
 19393 | D:12     | Noticed Frances
 19924 | D:12     | Found a glowing golden altar of the Shining One.
 20053 | D:12     | Killed Frances
 20495 | D:13     | Noticed Rupert
 20495 | D:13     | Noticed Nessos
 20495 | D:13     | Found a gate to the Vaults.
 20497 | D:13     | Paralysed by Rupert for 4 turns
 20498 | D:13     | Killed Nessos
 20499 | D:13     | Killed Rupert
 20748 | D:13     | Found a gate leading to a gauntlet.
 20755 | Gauntlet | Entered a Gauntlet
 20755 | Gauntlet | Found a transporter.
 20764 | Gauntlet | Found a transporter.
 20785 | Gauntlet | Found a transporter.
 20785 | Gauntlet | Found a transporter.
 20806 | Gauntlet | Found a transporter.
 20819 | Gauntlet | Found a transporter.
 20833 | Gauntlet | Found a transporter.
 20862 | Gauntlet | Found a transporter.
 20862 | Gauntlet | Found a transporter.
 20867 | Gauntlet | Found a transporter.
 20900 | Gauntlet | Found a transporter.
 20900 | Gauntlet | Found a transporter.
 21112 | Gauntlet | Identified the staff "Impslayer" {^Contam Fly Dex+2 Stlth-
                  | Earth Alchemy}
 21195 | Gauntlet | Reached skill level 14 in Earth Magic
 21287 | Gauntlet | Got the Tractate on Iron Portals
 21612 | D:13     | Learned a level 8 spell: Lehudib's Crystal Spear
 21946 | D:13     | Offered knowledge of Irradiate by Vehumet.
 22541 | D:14     | Found Xaxtu's Antique Weapon Shop.
 22741 | D:14     | Reached XP level 16. HP: 96/96 MP: 25/30
 22833 | D:14     | Reached skill level 10 in Dodging
 23208 | D:14     | Found a runed translucent gate.
 23209 | D:14     | Found a runed translucent gate.
 23209 | D:14     | Found a runed translucent gate.
 23210 | D:14     | Found an ancient bone altar of Kikubaaqudgha.
 23210 | D:14     | Noticed Jaliuk's ghost (journeyman DECj)
 23211 | D:14     | Noticed a lich
 23211 | D:14     | Noticed Kilet's ghost (adept GrEE)
 23211 | D:14     | Noticed a lich
 23211 | D:14     | Noticed a lich
 23525 | D:3      | Killed aloneDruid's ghost
 23527 | D:3      | Found a transporter.
 24165 | Shoals:1 | Entered Level 1 of the Shoals
 24620 | Shoals:1 | Noticed a kraken
 24631 | Shoals:1 | Reached skill level 10 in Armour
 24653 | Shoals:1 | Killed a kraken
 25414 | Shoals:2 | Noticed Ilsuiw
 25420 | Shoals:2 | Offered knowledge of Lee's Rapid Deconstruction by Vehumet.
 25420 | Shoals:2 | Killed Ilsuiw
 25965 | Shoals:2 | Noticed Polyphemus
 25983 | Shoals:2 | Annihilated by an alligator snapping turtle

Illustrated notes

Levels and vault maps discovered:
D:1:      lemuel_arrival_muddy, layout_loops_ring,
          chequers_serial_rivers_small_3, chequers_serial_rivers_small_3,
          minmay_vboxes
D:2:      layout_loops_ring, serial_shops, shop, uniq_natasha
D:3:      layout_loops_ring, nicolae_overflow_crystal_walls,
          gammafunk_ghost_mausoleum, serial_shops, shop, uniq_terence
D:4:      layout_basic, mainiacjoe_overflow_alcove_2, makhleb_altar_promises_db,
          uniq_sigmund
D:5:      layout_cave_pools, grunt_temple_overflow_diamond, nicolae_goblin_pals
D:6:      layout_loops_ring, tgw_trog, uniq_duvessa
D:7:      layout_gridville, minmay_temple_entry_grid
D:8:      layout_cave_pools, minivault_10, hangedman_minor_gate_pass
D:9:      layout_roguey, jmf_multi_god_temple2,
          mainiacjoe_overflow_concentric_impassable, erik_orc_4, uniq_erica
D:10:     layout_loops_cross, serial_shops, nicolae_shop_tiny_statue_garden,
          nicolae_stop_n_shop_1, serial_bayou_pond_c, uniq_grum
D:11:     layout_basic, erik_lair_dragon, serial_shops,
          nicolae_shop_back_alley_shop, uniq_fannar
D:12:     minmay_connected_boxes_in_corner, layout_long_grid, tso_metal_star,
          uniq_frances
D:13:     layout_basic, david_vaults_3, gauntlet_entry_generic
D:14:     layout_roguey, gammafunk_ghost_crypt, serial_shops, shop
Temple:   nicolae_temple_godzebo
Lair:1:   layout_regular_city
Lair:2:   layout_regular_city, elwin_shoals_entry_rooms,
          spider_nest_entry_rubble, serial_bayou_shore_a, grunt_megastairs_4,
          uniq_maggie
Lair:3:   layout_misc_corridors, uniq_nergalle
Lair:4:   layout_hall_layers, gammafunk_ghost_grave, pf_torpor_hydra,
          grunt_megastairs_5, uniq_snorg, uniq_nessos
Lair:5:   hangedman_lair_tendril_chambers, layout_loops_ring, wormcave,
          slime_entry_1, hellmonk_ghost_happy_afterlife, uniq_kirke
Shoals:1: layout_shoals
Shoals:2: layout_shoals, uniq_ilsuiw, uniq_polyphemus
Orc:1:    layout_diamond_mine, kennysheep_orc_chapel
Orc:2:    st_orc_pillars, layout_caves, serial_shops,
          nicolae_shop_window_shopping, basic_altar,
          regret_index_minedec_shroomtown_chain

Skill      XL: |  1  2  3  4  5  6  7  8  9 10 11 12 13 14 15 16 |
---------------+-------------------------------------------------+-----
Earth Magic    | 4 5 7 8 9 10 11 12 13 14 | 14.9
Dodging        | 2 3 4 5 6 7 8 9 10 | 10.5
Fighting       | 1 2 3 4 5 6 7 8 9 |  9.8
Conjurations   | 2 3 4 5 6 8 9 10 11 12 13 | 13.3
Stealth        | 3 4 5 6 7 8 9 10 11 | 11.0
Spellcasting   | 3 4 5 6 7 8 9 10 11 | 11.4
Fire Magic     | 2 4 6 7 8 9 |  9.5
Armour         | 2 4 6 8 9 10 | 10.3

Action                     |  1- 3 |  4- 6 |  7- 9 | 10-12 | 13-15 | 16-18 || total
---------------------------+-------+-------+-------+-------+-------+-------++-------
  Melee: Unarmed           |    32 |       |       |       |       |       ||    32
         Mace              |       |     3 |     1 |       |       |       ||     4
         Short sword       |       |       |     1 |       |       |       ||     1
         Staff             |       |       |    36 |   117 |   164 |    10 ||   327
         Punch             |       |       |       |     4 |     2 |       ||     6
   Cast: Sandblast         |    42 |    55 |   100 |       |       |       ||   197
         Stone Arrow       |       |       |    72 |   317 |   530 |    27 ||   946
         Brom's Barrelling |       |       |       |     4 |     5 |       ||     9
         Fireball          |       |       |       |     1 |   150 |   127 ||   278
         Iskenderun's Myst |       |       |       |       |     6 |       ||     6
         Flame Wave        |       |       |       |       |    12 |     5 ||    17
  Evoke: Wand              |       |       |       |       |       |     1 ||     1
    Use: Potion            |       |       |     5 |     6 |     3 |       ||    14
         Scroll            |       |       |     8 |     2 |    15 |     2 ||    27
   Stab: Sleeping          |       |       |       |     1 |       |       ||     1
         Held in net/web   |       |       |       |       |     1 |       ||     1
         Petrified         |       |       |       |       |     8 |       ||     8
 Armour: Robe              |    23 |    19 |   133 |    49 |       |       ||   224
         Acid dragon scale |       |       |       |   207 |   293 |       ||   500
         Ring mail         |       |       |       |       |   196 |   139 ||   335
  Dodge: Dodged            |    39 |    19 |   169 |   378 |   537 |    63 ||  1205
         Repelled          |       |       |       |     2 |       |       ||     2
